Map: Habitation Station LE (Void)

Players

amx

  • Race: Terran Terran
  • League: Diamond
  • Spawn Location: 1:00

Musumeci - Winner!

  • Race: Zerg Zerg
  • League: Diamond
  • Spawn Location: 11:00

VOD

Have the link to the VOD?

Description

Time

  • Played on: Jan. 10, 2017, 7:41 a.m.
  • Length: 14:58
Show
View Real Time Build Order
Export as new Build Order

amx Terran 

Build Orders: Reaper Expand, MMM Bio 

Get SALT Encoding   

  12  0:00  SCV  
  13  0:13  SCV  
  14  0:18  Supply Depot  
  14  0:25  SCV  
  15  0:39  SCV  
  15  0:40  Barracks  
  16  0:46  Refinery  
  16  0:51  SCV  
  17  1:03  SCV  
  18  1:17  SCV  
  19  1:28  Reaper  
  19  1:29  Orbital Command  
  20  1:40  Command Center  
  20  1:52  Supply Depot  
  20  1:55  SCV  
  21  2:02  Marine  
  21  2:07  SCV  
  23  2:16  Factory  
  23  2:28  SCV  
  24  2:39  Barracks Reactor, Barracks  
  24  2:40  SCV, Barracks  
  25  2:47  Refinery  
  25  2:53  Orbital Command  
  25  2:59  Bunker  
  25  3:01  SCV  
  26  3:06  Starport  
  26  3:10  Factory Tech Lab  
  26  3:13  SCV  
  27  3:21  Supply Depot  
  27  3:22  SCV  
  27  3:25  SCV  
  29  3:34  SCV  
  29  3:37  SCV  
  29  3:40  Supply Depot  
  31  3:46  Supply Depot  
  31  3:50  SCV x2  
  31  3:55  Barracks Tech Lab, Starport Reactor  
  33  3:56  Marine x3  
  33  4:02  SCV x2  
  38  4:09  Siege Tank  
  41  4:14  Marine x3  
  41  4:16  Stimpack  
  44  4:18  SCV x2  
  46  4:25  Marine  
  46  4:30  SCV  
  48  4:32  SCV  
  49  4:42  SCV  
  49  4:43  Marine x2  
  49  4:45  SCV, Command Center  
  53  4:46  Medivac  
  53  4:48  Medivac  
  57  4:57  Refinery x2  
  57  5:02  Barracks  
  57  5:07  Barracks Reactor, Barracks  
  57  5:11  Marine x3  
  57  5:14  SCV  
  61  5:15  SCV  
  62  5:23  Siege Tank  
  65  5:42  Marine x3  
  66  5:43  Marine x2  
  70  5:50  Supply Depot  
  70  5:51  Supply Depot  
  70  5:54  Supply Depot  
  70  5:57  Medivac x2  
  70  6:00  Marine x3  
  72  6:08  Marine  
  72  6:10  Barracks Reactor  
  64  6:12  Barracks Reactor  
  64  6:18  Marine x3  
  61  6:22  Orbital Command  
  61  6:23  SCV x2  
  64  6:26  Supply Depot  
  64  6:28  Supply Depot  
  64  6:29  Marine  
  64  6:30  Marine  
  64  6:31  Siege Tank  
  69  6:35  Medivac  
  69  6:39  Medivac  
  73  6:46  Orbital Command  
  73  6:51  Engineering Bay  
  73  6:54  Engineering Bay  
  73  6:55  Marine x2  
  73  6:56  Marine  
  76  7:05  Marine x3  
  76  7:06  Marine x2  
  81  7:15  Medivac x2  
  83  7:18  SCV x2  
  87  7:27  Supply Depot  
  87  7:29  Supply Depot  
  87  7:35  Siege Tank  
  90  7:47  Marine x5  
  90  7:48  Terran Infantry Armor Level 1, Terran Infantry Weapons Level 1  
  90  7:49  Armory  
  95  7:51  SCV x2  
  95  7:52  SCV  
  95  7:58  Marauder, Marine x3  
  97  8:01  Combat Shields  
  100  8:10  SCV x2  
  100  8:11  SCV  
  105  8:20  Marauder  
  105  8:23  SCV x2, Marine x2  
  105  8:24  Marine x5  
  105  8:25  Siege Tank  
  105  8:26  Medivac x2  
  110  8:35  Marine  
  110  8:40  Marine  
  106  8:41  Marine x3  
  106  8:42  Marine  
  105  8:54  Marine x2  
  105  8:55  Marine x2  
  102  8:58  Supply Depot  
  102  8:59  Marauder, Marine  
  102  9:02  Marine x3, Supply Depot  
  106  9:12  Marine x2  
  106  9:13  Marine x2  
  110  9:20  Marauder  
  102  9:35  Marine x7  
  102  9:36  Marine  
  102  9:37  Medivac x2  
  114  9:42  Marauder  
  115  9:52  Marine x2  
  115  9:53  Marine x6  
  111  10:03  Marauder  
  107  10:10  Marine x3  
  107  10:11  Marine  
  109  10:20  SCV x2  
  109  10:21  SCV, Marine  
  103  10:22  Marine x3  
  103  10:24  Terran Infantry Weapons Level 2, Marauder  
  105  10:33  SCV x3  
  105  10:38  Marine x4  
  109  10:45  SCV x3  
  109  10:46  Marauder  
  114  10:55  Siege Tank  
  114  10:56  Marine x3  
  114  10:57  Marine x5  
  120  11:01  Supply Depot  
  120  11:03  Terran Infantry Armor Level 2  
  125  11:07  Marauder  
  127  11:12  Supply Depot  
  127  11:14  Marine x2  
  127  11:15  Marine x5, Supply Depot  
  127  11:17  Medivac  
  136  11:19  Medivac  
  138  11:28  Marauder  
  140  11:45  Marine x4  
  140  11:46  Marine x4  
  148  11:50  Marauder  
  117  12:03  Marine x5  
  117  12:04  Marine x3  
  120  12:11  Marauder  
  108  12:21  Marine x5  
  108  12:22  Marine x3  
  105  12:33  Marauder  
  107  12:39  Marine x6  
  107  12:42  Command Center  
  103  12:54  Marauder  
  102  13:02  Marine x6  
  102  13:03  Marine x2  
  105  13:15  Marauder  
  98  13:20  Marine x7  
  98  13:21  Marine  
  103  13:32  Barracks  
  103  13:33  Barracks  
  103  13:36  Marine  
  103  13:37  Marine  
  103  13:38  Barracks, Marine x6  
  81  14:07  Marine x3  
  81  14:08  Marine x4  
  88  14:21  Marine  
  88  14:22  Marine x2  
  74  14:34  Marine x6  
  74  14:35  Marine  
Show
View Real Time Build Order
Export as new Build Order

Musumeci Zerg - Winner!

Build Orders: Hatch First 

Get SALT Encoding   

  12  0:01  Drone  
  13  0:08  Drone  
  14  0:22  Drone, Extractor  
  15  0:43  Hatchery  
  15  0:47  Drone, Extractor  
  15  1:02  Spawning Pool  
  14  1:07  Extractor  
  14  1:10  Drone  
  14  1:14  Drone, Extractor  
  16  1:19  Overlord  
  16  1:37  Drone x2  
  18  1:43  Drone  
  19  1:48  Queen  
  21  1:54  Queen  
  21  1:56  Drone  
  21  1:59  Drone  
  25  2:07  Drone x2  
  27  2:16  Overlord  
  27  2:27  Drone  
  28  2:30  Extractor  
  28  2:34  Queen  
  28  2:35  Queen  
  31  2:43  Overlord  
  31  2:45  Drone  
  31  2:46  Drone x2  
  31  2:48  Drone  
  31  2:49  Drone  
  36  3:02  Drone x2  
  36  3:04  Drone, Overlord  
  39  3:07  Drone  
  39  3:08  Drone x3  
  43  3:15  Drone  
  44  3:22  Overlord  
  44  3:25  Drone x2  
  46  3:30  Extractor  
  46  3:31  Extractor, Roach Warren  
  46  3:33  Drone  
  46  3:34  Drone  
  45  3:47  Hatchery  
  45  3:48  Drone x2  
  45  3:50  Drone x2  
  48  3:56  Evolution Chamber  
  48  3:57  Drone x2, Evolution Chamber  
  48  3:58  Drone x2  
  50  4:05  Spore Crawler  
  50  4:07  Drone  
  50  4:11  Roach  
  50  4:13  Roach  
  50  4:14  Roach  
  50  4:15  Roach  
  58  4:20  Spore Crawler  
  58  4:24  Spore Crawler  
  56  4:25  Spore Crawler  
  56  4:29  Drone x3  
  56  4:31  Extractor  
  57  4:34  Drone  
  57  4:35  Extractor  
  57  4:38  Drone x3  
  60  4:54  Lair  
  60  4:58  Overlord  
  60  4:59  Overlord  
  60  5:00  Overlord  
  60  5:06  Zerg Missile Weapons Level 1  
  60  5:08  Zerg Ground Armor Level 1  
  60  5:24  Roach  
  60  5:25  Roach x4  
  70  5:33  Drone  
  70  5:34  Drone x6  
  70  5:35  Drone x2  
  69  6:19  Drone x18  
  69  6:22  Extractor  
  69  6:23  Glial Reconstitution, Extractor  
  85  6:26  Ravager x4  
  89  6:41  Overlord x6  
  89  7:00  Hatchery  
  88  7:02  Roach x9  
  106  7:24  Roach x13  
  132  7:31  Zerg Missile Weapons Level 2, Zerg Ground Armor Level 2  
  132  7:33  Roach x3  
  132  7:35  Extractor  
  137  7:39  Extractor  
  137  7:44  Roach  
  138  7:51  Overlord x3  
  138  8:10  Overlord  
  138  8:11  Overlord  
  138  8:12  Roach x8  
  154  8:26  Ravager x6  
  154  8:27  Ravager  
  157  8:55  Ravager x5  
  159  8:56  Roach x12  
  183  9:24  Roach  
  183  9:28  Overlord x5  
  129  10:01  Roach x4  
  129  10:02  Roach x8  
  144  10:10  Queen  
  141  10:35  Ravager x9  
  141  10:40  Ravager x2  
  141  10:41  Roach x13  
  141  10:42  Roach x7  
  183  11:01  Ravager x8  
  183  11:02  Roach  
  193  11:26  Roach x3  
  168  12:06  Ravager x2  
  164  12:10  Roach x12  
  164  12:11  Roach x4  
  175  12:23  Roach  
  175  12:24  Roach x11  
  188  13:06  Ravager x6  
  188  13:07  Roach x3  
  194  13:24  Ravager x10  
  196  13:34  Ravager  
  196  13:35  Ravager x5  
  185  14:07  Extractor  
  185  14:08  Hatchery  
  183  14:10  Extractor  
Tags
 
Add a new tag
Caveats
  • Supply blocks, unpowered buildings, or Contaminate may cause inaccurate times.
  • Supply counts are checked every 10 seconds.